 Dungeon Sprint DCSS version 0.16-a0-3325-g64f94fb (webtiles) character file.

11501 BluebellGnoll the Bludgeoner (level 11, 90/130 HPs)
             Began as an Ogre Hunter on Dec 27, 2014.
             Was a High Priest of Okawaru.
             Quit the game in the Dungeon (Sprint IX: "|||||||||||||||||||||||||||||").
             The game lasted 00:14:48 (2817 turns).

BluebellGnoll the Bludgeoner (Ogre Hunter)          Turns: 2817, Time: 00:14:48

Health: 90/130     AC:  8    Str: 19    XL:     11   Next: 78%
Magic:  11/11      EV: 18    Int: 16    God:    Okawaru [*****.]
Gold:   1912       SH:  0    Dex: 10    Spells: 0 memorised, 10 levels left

rFire  . . .     SeeInvis .     r - +2 dire flail (protect)
rCold  . . .     Clarity  .     d - +0 animal skin
rNeg   . . .     SustAb   .     (shield restricted)
rPois  .         Gourm    .     (helmet restricted)
rElec  .         Spirit   .     (no cloak)
rCorr  .         Warding  .     (gloves unavailable)
rMut   .         NoTele   +     (boots unavailable)
MR     +....                    (no amulet)
Stlth  +.........               s - +2 ring of evasion
                                m - +3 ring of intelligence

@: somewhat resistant to hostile enchantments, very unstealthy
A: unfitting armour, tough skin 1
a: Heroism, Finesse, Renounce Religion


You were in the Dungeon.
You worshipped Okawaru.
Okawaru was extremely pleased with you.
You were not hungry.

You visited 1 branch You collected 1912 gold pieces.

Inventory:

Hand weapons
 r - a +2 dire flail of protection (weapon)
 D - a +2 flail of holy wrath
Missiles
 a - 15 large rocks (quivered)
 c - 2 throwing nets
 n - 8 tomahawks
 z - 4 silver tomahawks
 E - 3 javelins of returning
 H - 3 tomahawks of returning
Armour
 d - a +0 animal skin (worn)
 F - a +2 robe
 G - a +2 robe of cold resistance
Magical staves
 q - an uncursed staff of energy
Jewellery
 m - a +3 ring of intelligence (left hand)
 s - a +2 ring of evasion (right hand)
Magical devices
 p - a wand of fire (3)
Scrolls
 k - 3 scrolls of blinking
 l - 3 scrolls of remove curse
 o - 2 scrolls of amnesia
 v - a scroll of fear
 w - a scroll of recharging
 x - 3 scrolls of enchant weapon
 y - 4 scrolls of enchant armour
Potions
 e - 5 potions of curing
 g - 5 potions of heal wounds
 h - 2 potions of invisibility
 i - 4 potions of magic
 j - a potion of berserk rage
 t - 3 potions of agility
 u - 2 potions of haste
 C - a potion of mutation {unknown}
Comestibles
 b - 39 fruits
 f - 13 meat rations
 A - 13 bread rations
 B - 18 chunks of flesh


   Skills:
 - Level 14.1 Fighting
 - Level 19.8 Maces & Flails
 * Level 14.3 Throwing
 * Level 15.0 Dodging
 - Level 0.7 Stealth


You had 10 spell levels left.
You didn't know any spells.

Dungeon Overview and Level Annotations

Branches:
Dungeon (1/1)

Altars:
Cheibriados
Dithmenos
Elyvilon
Fedhas
Gozag
Kikubaaqudgha
Makhleb
Nemelex Xobeh
Okawaru
Qazlal
Ru
Sif Muna
Trog
Vehumet
Xom
Yredelemnul
Zin
The Shining One
Beogh
Jiyva
Lugonu

Shops:
D %}[%


Innate Abilities, Weirdness & Mutations

You are too large for most types of armour.
You have tough skin (AC +1).


Message History

Some of the chunks of flesh in your inventory have rotted away.
Things that are here:
a dagger of draining; a robe
Things that are here:
an enchanted dagger; a robe; an orc corpse
Things that are here:
a dagger of draining; a robe
Things that are here:
a dagger x2 a robe
Items here: )) [[ ÷ a dagger; a robe; a dagger; a robe; an orc skeleton
There is an open door to Orc:4 here.
There is an open door to Orc:4 here.
Items here: )) [[ ÷ a dagger; a robe; a dagger; a robe; an orc skeleton
Things that are here:
a dagger x2 a robe Are you sure you want to abandon this character and quit the game? (Confirm with "yes".)

▓▓▓▓▓▓▓▓▓▓▓▓▓▓▓▓▓▓▓▓▓▓▓▓▓▓▓▓▓▓▓▓
'[))).)).....').@))∩)∩)∩)∩.))..+
▓▓▓▓▓▓▓▓▓▓▓▓▓▓▓▓▓▓▓▓▓▓▓▓▓▓▓▓▓▓▓▓▓
..../............................
▓▓▓▓▓▓▓▓▓▓▓▓▓▓▓▓▓▓▓▓▓▓▓▓▓▓▓▓▓▓▓▓▓
....'.........'.........(..'..[[[
▓▓▓▓▓▓▓▓▓▓▓▓▓▓▓▓▓▓▓▓▓▓▓▓▓▓▓▓▓▓▓▓▓
.................................
▓▓▓▓▓▓▓▓▓▓▓▓▓▓▓▓▓▓▓▓▓▓▓▓▓▓▓▓▓▓▓▓▓
____________'...)[[[..').)...'...


There were no monsters in sight!

Vanquished Creatures
  A death yak (D)
  An orc high priest (D)
  3 catoblepae (D)
  An ice devil (D)
  A hill giant (D)
  2 orc knights (D)
  7 orc sorcerers (D)
  A smoke demon (D)
  A cyclops (D)
  A torpor snail (D)
  A komodo dragon (D)
  A basilisk (D)
  A boulder beetle (D)
  4 yaks (D)
  2 hippogriffs (D)
  Eustachio (D)
  A porcupine (D)
  2 water moccasins (D)
  7 orc warriors (D)
  4 sky beasts (D)
  2 crocodiles (D)
  A giant frog (D)
  3 hounds (D)
  6 orc priests (D)
  7 orc wizards (D)
  2 adders (D)
  An adder zombie (D)
  An adder skeleton (D)
  4 orc zombies (D)
  A giant gecko (D)
  9 orcs (D)
  A ball python (D)
  A bat skeleton (D)
  A bat zombie (D)
  3 hobgoblins (D)
  A quokka (D)
  A ball python zombie (D)
  2 kobolds (D)
90 creatures vanquished.

Vanquished Creatures (others)
  A komodo dragon (D)
  A hippogriff (D)
  A porcupine (D)
3 creatures vanquished.

Grand Total: 93 creatures vanquished

Notes
Turn   | Place    | Note
--------------------------------------------------------------
     0 | D        | BluebellGnoll, the Ogre Hunter, began the quest for the Orb.
     0 | D        | Reached XP level 1. HP: 22/22 MP: 1/1
    17 | D        | Reached skill level 5 in Fighting
    22 | D        | Reached XP level 2. HP: 24/35 MP: 2/2
   121 | D        | Noticed a hound
   141 | D        | Killed a hound
   141 | D        | Reached skill level 7 in Maces & Flails
   141 | D        | Reached XP level 3. HP: 13/42 MP: 3/3
   167 | D        | Found a glowing silver altar of Zin.
   167 | D        | Found a glowing golden altar of the Shining One.
   167 | D        | Found an ancient bone altar of Kikubaaqudgha.
   167 | D        | Found a basalt altar of Yredelemnul.
   167 | D        | Found a shimmering altar of Xom.
   167 | D        | Found a radiant altar of Vehumet.
   167 | D        | Found an iron altar of Okawaru.
   168 | D        | Found a burning altar of Makhleb.
   169 | D        | Found a deep blue altar of Sif Muna.
   170 | D        | Found a bloodstained altar of Trog.
   171 | D        | Found a sparkling altar of Nemelex Xobeh.
   172 | D        | Found a white marble altar of Elyvilon.
   173 | D        | Found a roughly hewn altar of Beogh.
   174 | D        | Found a viscous altar of Jiyva.
   175 | D        | Found a corrupted altar of Lugonu.
   176 | D        | Became a worshipper of Warmaster Okawaru
   177 | D        | Found a blossoming altar of Fedhas.
   178 | D        | Found a snail-covered altar of Cheibriados.
   179 | D        | Found a shadowy altar of Dithmenos.
   180 | D        | Found a stormy altar of Qazlal.
   181 | D        | Found an opulent altar of Gozag.
   182 | D        | Found a sacrificial altar of Ru.
   378 | D        | Noticed a hill giant
   378 | D        | Noticed a sky beast
   378 | D        | Noticed a sky beast
   378 | D        | Noticed a sky beast
   379 | D        | Reached skill level 8 in Maces & Flails
   383 | D        | Killed a sky beast
   383 | D        | Reached skill level 10 in Maces & Flails
   383 | D        | Reached skill level 5 in Dodging
   383 | D        | Reached XP level 4. HP: 3/50 MP: 4/4
   383 | D        | Reached XP level 5. HP: 3/58 MP: 5/5
   384 | D        | Killed a hill giant
   384 | D        | Acquired Okawaru's first power
   384 | D        | Reached skill level 13 in Maces & Flails
   384 | D        | Reached XP level 6. HP: 3/66 MP: 6/6
   384 | D        | Reached XP level 7. HP: 3/72 MP: 7/7
   384 | D        | Killed a sky beast
   384 | D        | Reached skill level 14 in Maces & Flails
   384 | D        | Reached skill level 10 in Dodging
   384 | D        | Killed a sky beast
   697 | D        | Noticed a hippogriff
   697 | D        | Noticed a sky beast
   697 | D        | Noticed a cyclops
   700 | D        | Killed a hippogriff
   700 | D        | Reached XP level 8. HP: 63/87 MP: 5/8
   710 | D        | Killed a sky beast
   710 | D        | Reached skill level 15 in Maces & Flails
   718 | D        | Killed a cyclops
   892 | D        | Noticed a komodo dragon
   892 | D        | Noticed a porcupine
   892 | D        | Noticed a crocodile
   892 | D        | Noticed a hound
   892 | D        | Noticed a hippogriff
   892 | D        | Noticed a torpor snail
   899 | D        | Noticed a crocodile
   901 | D        | Killed a komodo dragon
   901 | D        | Reached XP level 9. HP: 64/101 MP: 7/9
   919 | D        | Killed a porcupine
   927 | D        | Killed a crocodile
   927 | D        | Received a gift from Okawaru
   929 | D        | Killed a hound
   931 | D        | Killed a hippogriff
   934 | D        | HP: 1/101 [torpor snail (6)]
   936 | D        | Killed a torpor snail
   939 | D        | Killed a crocodile
  1321 | D        | Noticed a water moccasin
  1321 | D        | Noticed a hound
  1321 | D        | Noticed a hippogriff
  1321 | D        | Noticed a komodo dragon
  1321 | D        | Noticed a porcupine
  1321 | D        | Noticed a boulder beetle
  1321 | D        | Noticed a giant frog
  1322 | D        | Noticed a water moccasin
  1322 | D        | Killed a porcupine
  1323 | D        | Killed a water moccasin
  1326 | D        | Killed a hound
  1333 | D        | Killed a komodo dragon
  1334 | D        | Killed a hippogriff
  1335 | D        | Noticed a basilisk
  1337 | D        | Killed a boulder beetle
  1340 | D        | Killed a giant frog
  1346 | D        | Killed a water moccasin
  1346 | D        | Reached skill level 10 in Throwing
  1364 | D        | Killed a basilisk
  1536 | D        | Noticed a catoblepas
  1536 | D        | Noticed a death yak
  1536 | D        | Noticed a yak
  1536 | D        | Noticed a yak
  1536 | D        | Noticed a catoblepas
  1536 | D        | Noticed a yak
  1536 | D        | Noticed a yak
  1538 | D        | Noticed a catoblepas
  1554 | D        | Killed a catoblepas
  1554 | D        | Received a gift from Okawaru
  1554 | D        | Reached skill level 10 in Fighting
  1554 | D        | Reached skill level 16 in Maces & Flails
  1554 | D        | Reached XP level 10. HP: 52/111 MP: 8/10
  1779 | D        | Killed a yak
  1781 | D        | Killed a yak
  1781 | D        | Reached skill level 17 in Maces & Flails
  1805 | D        | Killed a death yak
  1805 | D        | Received a gift from Okawaru
  1805 | D        | Reached skill level 18 in Maces & Flails
  1846 | D        | Killed a yak
  1886 | D        | Killed a catoblepas
  1937 | D        | Killed a catoblepas
  1937 | D        | Reached skill level 19 in Maces & Flails
  1941 | D        | Killed a yak
  2141 | D        | Noticed Eustachio
  2158 | D        | Killed Eustachio
  2158 | D        | Acquired Okawaru's second power
  2298 | D        | Noticed an orc priest
  2298 | D        | Noticed an orc knight
  2298 | D        | Noticed an orc priest
  2298 | D        | Noticed an orc priest
  2326 | D        | Killed an orc priest
  2329 | D        | Killed an orc knight
  2329 | D        | Reached XP level 11. HP: 112/130 MP: 11/11
  2391 | D        | Killed an orc priest
  2392 | D        | Noticed an orc priest
  2400 | D        | Killed an orc priest
  2403 | D        | Killed an orc priest
  2481 | D        | Noticed an orc warrior
  2481 | D        | Noticed an orc priest
  2481 | D        | Noticed an orc warrior
  2481 | D        | Noticed an orc high priest
  2481 | D        | Noticed an orc wizard
  2481 | D        | Noticed an orc warrior
  2481 | D        | Noticed an orc warrior
  2482 | D        | Killed an orc warrior
  2483 | D        | Noticed an orc knight
  2486 | D        | Killed an orc warrior
  2487 | D        | Killed an orc priest
  2491 | D        | Killed an orc high priest
  2492 | D        | Killed an orc warrior
  2494 | D        | Killed an orc warrior
  2497 | D        | Killed an orc knight
  2500 | D        | Noticed an orc warrior
  2500 | D        | Killed an orc wizard
  2511 | D        | Killed an orc warrior
  2512 | D        | Noticed an orc priest
  2513 | D        | Noticed an orc warrior
  2514 | D        | Noticed an orc warrior
  2519 | D        | Killed an orc warrior
  2523 | D        | Killed an orc priest
  2529 | D        | Killed an orc warrior
  2683 | D        | Found Afeogafo's Food Emporium.
  2683 | D        | Noticed an orc wizard
  2683 | D        | Noticed an orc sorcerer
  2683 | D        | Noticed an orc wizard
  2683 | D        | Noticed an orc sorcerer
  2683 | D        | Noticed an orc sorcerer
  2683 | D        | Noticed an orc sorcerer
  2684 | D        | Found Keriunul's Gadget Shoppe.
  2686 | D        | Killed an orc wizard
  2687 | D        | Noticed an orc sorcerer
  2692 | D        | Killed an orc sorcerer
  2692 | D        | Received a gift from Okawaru
  2693 | D        | Killed an orc wizard
  2695 | D        | Killed an orc sorcerer
  2697 | D        | Killed an orc sorcerer
  2698 | D        | Killed an orc sorcerer
  2701 | D        | Killed an orc sorcerer
  2704 | D        | Noticed an orc wizard
  2707 | D        | Killed an orc wizard
  2708 | D        | Found Klum's Antique Armour Emporium.
  2718 | D        | Found Faadwib's Food Shoppe.
  2721 | D        | Noticed an orc sorcerer
  2722 | D        | Noticed an orc wizard
  2723 | D        | Noticed an orc sorcerer
  2724 | D        | Noticed an orc wizard
  2725 | D        | Killed an orc wizard
  2727 | D        | Noticed an ice devil
  2731 | D        | Noticed an orc wizard
  2736 | D        | Killed an ice devil
  2751 | D        | Killed an orc sorcerer
  2752 | D        | Killed an orc wizard
  2752 | D        | Received a gift from Okawaru
  2760 | D        | Killed an orc sorcerer
  2767 | D        | Killed an orc wizard
  2781 | D        | Reached skill level 15 in Dodging
  2817 | D        | Quit the game

Action                   |  1- 3 |  4- 6 |  7- 9 | 10-12 || total
-------------------------+-------+-------+-------+-------++-------
Melee: Short sword       |    18 |       |       |       ||    18
       Whip              |    31 |       |       |       ||    31
       Dire flail        |     2 |       |    72 |   101 ||   175
Throw: Large rock        |       |       |    22 |    64 ||    86
       Tomahawk          |       |       |     1 |    27 ||    28
Invok: Heroism           |       |       |     4 |     4 ||     8
       Finesse           |       |       |       |     2 ||     2
Evoke: Wand              |     2 |     1 |     1 |       ||     4
  Use: Potion            |     1 |       |       |       ||     1
 Stab: Sleeping          |       |       |     1 |       ||     1
  Eat: Chunk             |       |       |     2 |     4 ||     6
       Fruit             |       |       |       |     1 ||     1
